 Dungeon Crawl Stone Soup version 0.26.0-10-g1f06aea511 (webtiles) character file.

Game seed: 15891065514684633091

107 Borgoz the Ducker (level 4, -1/37 HPs)
             Began as a Ghoul Gladiator on Feb 1, 2021.
             Killed by divine providence
             ... invoked by an orc priest
              (15 damage)
             ... on level 3 of the Dungeon.
             The game lasted 00:02:15 (2463 turns).

Borgoz the Ducker (Ghoul Gladiator)                 Turns: 2463, Time: 00:02:15

Health: -1/37      AC:  6    Str: 17    XL:     4   Next: 85%
Magic:  0/3        EV: 13    Int:  3    God:
Gold:   146        SH:  0    Dex: 11    Spells: 3/3 levels left

rFire    . . .     SeeInvis +   a - +0 long sword
rCold    + . .     Faith    .   (no shield)
rNeg     + + +     Spirit   +   b - +0 leather armour
rPois    ∞         Reflect  .   c - +0 helmet
rElec    .         Harm     .   o - +1 cloak
rCorr    .         Rampage  .   (no gloves)
Will     .....                  (no boots)
Stlth    +.........             i - amulet of guardian spirit
HPRegen  0.00/turn              m - ring of see invisible
MPRegen  0.08/turn              (no ring)

@: mighty
A: claws 1, cold resistance 1, negative energy resistance 3, inhibited
regeneration, torment resistance, unbreathing
a: no special abilities


You were on level 3 of the Dungeon.
You visited 1 branch of the dungeon, and saw 3 of its levels.

You collected 146 gold pieces.

Inventory:

Hand Weapons
 a - a +0 long sword (weapon)
Missiles
 d - 3 throwing nets (quivered)
Armour
 b - a +0 leather armour (worn)
 c - a +0 helmet (worn)
 o - a +1 cloak (worn)
Jewellery
 i - an amulet of guardian spirit (around neck)
 m - a ring of see invisible (left claw)
Scrolls
 f - a scroll of enchant weapon {unknown}
 g - a scroll of remove curse {unknown}
 h - a scroll of immolation {unknown}
 j - a scroll of fear {unknown}
 k - a scroll of identify {unknown}
 l - a scroll of magic mapping {unknown}
 q - a scroll of random uselessness {unknown}
Potions
 e - a potion of resistance {unknown}
 p - a potion of curing {unknown}


   Skills:
 + Level 2.8 Fighting
 * Level 3.5 Long Blades
 - Level 1.7 Throwing
 + Level 1.3 Armour
 * Level 3.6 Dodging


You had 3 spell levels left.
You didn't know any spells.
Your spell library was empty.

Dungeon Overview and Level Annotations

Branches:
Dungeon (3/15)

Altars:
Zin


Innate Abilities, Weirdness & Mutations

You thrive by killing the living.
You are immune to poison.
You have sharp fingernails.
Your flesh is cold resistant. (rC+)
You are immune to negative energy. (rN+++)
You do not regenerate when monsters are visible.
You are immune to unholy pain and torment.
You can survive without breathing.


Message History

The orc barely misses you. The orc closely misses you.
You hit the orc priest.
The orc priest is lightly wounded.
A kobold comes into view. It is wielding a +0 dagger.
The orc wizard closely misses you. The orc misses you.
The orc priest barely misses you.
You riposte.
You hit the orc priest.
The orc priest is heavily wounded.
The orc closely misses you.
The orc wizard points at you and mumbles some strange words.
You resist with some effort.
The orc priest mumbles some strange prayers to Beogh against you.
Beogh smites you!
It was a potion of might.
You feel very mighty all of a sudden. The orc hits you with a +0 falchion.
You slash the orc!
You kill the orc!
The orc priest invokes the aid of Beogh against you.
Beogh smites you!
You die...

#### #... #.##
#################.##
#o)@...........#...#
#.####.############......
#....oo..# ###...#
.......†....# ### ##.##
.#.....[............####.##
....K.###...####.##........
(..... #.#####.#######...
#.(.(. ....##.# #### #..#.
###.##.# #.


You could see an orc priest, an orc wizard and a kobold.

Vanquished Creatures
  3 adders (D:2)
  2 oozes
  4 worms (D:2)
  3 dart slugs (D:1)
  A leopard gecko (D:1)
  2 orcs (D:3)
  5 bats
  2 giant cockroaches
  8 goblins
  6 hobgoblins
  2 jackals (D:1)
  A quokka (D:2)
  7 frilled lizards
  6 kobolds
  3 rats
55 creatures vanquished.

Notes
Turn   | Place    | Note
-------+----------+-------------------------------------------
     0 | D:1      | Borgoz the Ghoul Gladiator began the quest for the Orb.
     0 | D:1      | Reached XP level 1. HP: 17/17 MP: 0/0
   184 | D:1      | Reached XP level 2. HP: 21/24 MP: 1/1
   638 | D:1      | Reached XP level 3. HP: 25/30 MP: 2/2
  1248 | D:2      | Reached skill level 1 in Armour
  1330 | D:2      | Reached XP level 4. HP: 17/37 MP: 1/3
  1862 | D:2      | Found a glowing silver altar of Zin.
  2463 | D:3      | Killed from afar by an orc priest

Illustrated notes

Levels and vault maps discovered:
D:1:      dpeg_arrival_castle, layout_basic, serial_bayou_pond_d
D:2:      layout_basic, lemuel_doored_altar
D:3:      layout_loops_ring

Skill      XL: |  1  2  3 |
---------------+----------+-----
Long Blades    | 3 |  3.5
Dodging        | 3 |  3.6
Armour         | 1 |  1.3
Fighting       | |  2.8
Throwing       | |  1.7

Action                   |  1- 3 |  4- 6 || total
-------------------------+-------+-------++-------
Melee: Long sword        |    99 |    79 ||   178
  Use: Potion            |       |     1 ||     1
Armor: Leather armour    |    40 |    26 ||    66
Dodge: Dodged            |    70 |    67 ||   137
       Rpst.: Long sword |    17 |    22 ||    39
